 Dungeon Crawl Stone Soup version 0.26-a0-652-gafc20e3620 (webtiles) character file.

Game seed: 14981685511584897023

1427 grandjackal the Warrior (level 8, -1/62 HPs)
             Began as a Demonspawn Gladiator on Oct 1, 2020.
             Was a Believer of Okawaru.
             Slain by a two-headed ogre
             ... wielding a +0 giant club
              (8 damage)
             ... on level 6 of the Dungeon.
             The game lasted 00:06:52 (6889 turns).

grandjackal the Warrior (Demonspawn Gladiator)      Turns: 6889, Time: 00:06:52

Health: -1/62      AC:  3    Str: 16    XL:     8   Next: 44%
Magic:  12/12      EV: 20    Int: 16    God:    Okawaru [**....]
Gold:   361        SH:  0    Dex: 19    Spells: 7/7 levels left

rFire    . . .     SeeInvis .   a - +0 long sword
rCold    . . .     Faith    .   (no shield)
rNeg     . . .     Spirit   .   b - +0 leather armour
rPois    .         Reflect  .   (helmet restricted)
rElec    .         Harm     .   (no cloak)
rCorr    +         Rampage  .   (no gloves)
MR       .....                  (no boots)
Stlth    ++++++....             (no amulet)
HPRegen  0.20/turn              l - ring of resist corrosion
MPRegen  0.13/turn              z - +6 ring of intelligence

@: mighty, heroism, flying
A: horns 2, thin skeletal structure 2, powered by death 1, powered by pain 1
a: Heroism, Renounce Religion


You were on level 6 of the Dungeon.
You worshipped Okawaru.
Okawaru was pleased with you.
You visited 1 branch of the dungeon, and saw 6 of its levels.

You collected 361 gold pieces.

Inventory:

Hand Weapons
 a - a +0 long sword (weapon)
 i - a +0 short sword
Missiles
 u - 44 poisoned darts (quivered)
Armour
 b - a +0 leather armour (worn)
Jewellery
 l - a ring of resist corrosion (left hand)
 p - a cursed ring of attention {unknown}
 z - a +6 ring of intelligence (right hand)
 A - a +6 ring of strength {unknown}
Wands
 v - a wand of random effects (8)
Scrolls
 d - a scroll of fear {unknown}
 e - 7 scrolls of identify {unknown}
 f - 8 scrolls of remove curse {unknown}
 m - a scroll of fog {unknown}
 o - 2 scrolls of enchant weapon {unknown}
 t - a scroll of teleportation {unknown}
 w - a scroll of enchant armour {unknown}
 x - a scroll of magic mapping {unknown}
 y - 2 scrolls of random uselessness {unknown}
 C - a scroll of immolation {unknown}
 E - a scroll of noise {unknown}
Potions
 c - a potion of magic {unknown}
 g - 3 potions of stabbing
 h - a potion of berserk rage {unknown}
 j - a potion of flight
 k - a potion of brilliance {unknown}
 n - 2 potions of curing {unknown}
 q - 4 potions of might {unknown}
 r - 3 potions of lignification {unknown}
 s - 4 potions of heal wounds
 B - a potion of mutation {unknown}
 D - a potion of haste {unknown}


   Skills:
 + Level 5.0(10.0) Fighting
 + Level 5.1(10.1) Long Blades
 - Level 1.7(6.7) Throwing
 + Level 5.1(10.1) Dodging
 + Level 4.4(9.4) Stealth
 + Level 5.4 Invocations


You had 7 spell levels left.
You didn't know any spells.
Your spell library contained the following spells:

 Spells                   Type           Power        Failure   Level
 Magic Dart               Conj           #...         30%         1
 Blink                    Tloc           N/A          41%         2
 Call Imp                 Summ           #.......     41%         2
 Slow                     Hex            #.......     41%         2
 Conjure Flame            Conj/Fire      #.......     65%         3
 Mephitic Cloud           Conj/Pois/Air  #.......     65%         3


Dungeon Overview and Level Annotations

Branches:
Dungeon (6/15)             Temple (0/1) D:4

Altars:
Fedhas
Gozag
Kikubaaqudgha
Makhleb
Okawaru
Trog
Uskayaw
Zin


Innate Abilities, Weirdness & Mutations

You have a pair of horns on your head.
You have a moderately thin skeletal structure. (Dex +4, Stealth+)
You regenerate a little health from kills.
You sometimes gain a little power by taking damage.


Message History

You barely miss the two-headed ogre.
The two-headed ogre is severely wounded.
The two-headed ogre misses you.
You riposte.
You hit the two-headed ogre.
The two-headed ogre is severely wounded.
The two-headed ogre misses you.
You hit the two-headed ogre but do no damage.
The two-headed ogre is severely wounded.
You slash the two-headed ogre!
The two-headed ogre is almost dead.
The two-headed ogre hits you with a +0 giant club!!
You focus on the pain.
You feel very mighty all of a sudden.
The two-headed ogre hits you with a +0 giant club!
* * * LOW HITPOINT WARNING * * *
You focus on the pain.
You feel your power returning.
You hit the two-headed ogre.
The two-headed ogre is almost dead.
The two-headed ogre closely misses you.
The two-headed ogre hits you with a +0 giant club!
You die...

##...... ...............
......
........................
.....#
................####....
...## ..............>##
#.##.
#..............###....
.###.#.............#....
..............#.#.......
................).......
#(...O@..........#.....
###..#...........#..###
#. #...........##.# #
##........######
##[#....## ###.#### ###


You could see a two-headed ogre.

Vanquished Creatures
  Edmund (D:5)
  A sky beast (D:5)
  4 ogres
  3 bullfrogs
  A scorpion (D:6)
  3 orc priests
  A jelly (D:6)
  5 orc wizards
  A centaur skeleton (D:4)
  Natasha (thrice) (D:3)
  3 worker ants
  A killer bee zombie (D:6)
  6 adders
  A white imp (D:6)
  4 worms
  3 dart slugs
  4 leopard geckos
  28 orcs
  3 ball pythons
  A giant cockroach (D:2)
  5 goblins
  6 hobgoblins
  7 jackals
  3 quokkas
  6 bats
  5 frilled lizards
  A jackal skeleton (D:5)
  6 kobolds
  A leopard gecko skeleton (D:5)
  A quokka zombie (D:3)
  6 rats
124 creatures vanquished.

Notes
Turn   | Place    | Note
-------+----------+-------------------------------------------
     0 | D:1      | grandjackal the Demonspawn Gladiator began the quest for
                  | the Orb.
     0 | D:1      | Reached XP level 1. HP: 16/16 MP: 1/1
   140 | D:1      | Gained mutation: You have a somewhat thin skeletal
                  | structure. (Dex +2, Stealth) [demonic ancestry]
   140 | D:1      | Reached XP level 2. HP: 22/22 MP: 2/2
  1053 | D:2      | Gained mutation: You have a pair of small horns on your
                  | head. [demonic ancestry]
  1053 | D:2      | Reached XP level 3. HP: 28/28 MP: 3/3
  1206 | D:2      | Found an ancient bone altar of Kikubaaqudgha.
  1218 | D:2      | Reached skill level 1 in Stealth
  1889 | D:2      | Found an iron altar of Okawaru.
  1914 | D:2      | Reached XP level 4. HP: 25/34 MP: 4/4
  2172 | D:2      | Became a worshipper of Warmaster Okawaru
  2212 | D:3      | Found a hide-covered altar of Uskayaw.
  2461 | D:3      | Found a glowing silver altar of Zin.
  2498 | D:3      | Reached skill level 1 in Invocations
  2753 | D:3      | Noticed Natasha
  2762 | D:3      | Killed Natasha
  2762 | D:3      | Gained mutation: You have a pair of horns on your head.
                  | [demonic ancestry]
  2762 | D:3      | Reached XP level 5. HP: 41/41 MP: 4/6
  2818 | D:3      | Noticed Natasha
  2822 | D:3      | Killed Natasha
  2987 | D:3      | Noticed Natasha
  2993 | D:3      | Killed Natasha
  3500 | D:4      | Gained mutation: You sometimes gain a little power by
                  | taking damage. [demonic ancestry]
  3500 | D:4      | Reached XP level 6. HP: 47/47 MP: 7/7
  3530 | D:4      | Reached * piety under Okawaru
  3690 | D:4      | Found a staircase to the Ecumenical Temple.
  3720 | D:4      | Gained mutation: You regenerate a little health from kills.
                  | [demonic ancestry]
  3720 | D:4      | Reached XP level 7. HP: 7/53 MP: 9/9
  4688 | D:4      | Found an opulent altar of Gozag.
  4749 | D:5      | Entered Level 5 of the Dungeon
  4803 | D:5      | Found a bloodstained altar of Trog.
  5289 | D:5      | Noticed Edmund
  5326 | D:5      | Killed Edmund
  5608 | D:5      | Found a burning altar of Makhleb.
  5965 | D:6      | Gained mutation: You have a moderately thin skeletal
                  | structure. (Dex +4, Stealth+) [demonic ancestry]
  5965 | D:6      | Reached XP level 8. HP: 57/61 MP: 11/11
  6004 | D:6      | Reached ** piety under Okawaru
  6256 | D:6      | Reached skill level 5 in Invocations
  6408 | D:6      | Reached skill level 5 in Long Blades
  6532 | D:6      | Reached skill level 5 in Dodging
  6608 | D:6      | Found a blossoming altar of Fedhas.
  6651 | D:6      | Reached skill level 5 in Fighting
  6869 | D:6      | Noticed a two-headed ogre
  6889 | D:6      | Slain by a two-headed ogre

Illustrated notes

Levels and vault maps discovered:
D:1:      lightli_arrival_statuegarden, layout_loops_ring, minmay_misc_feat_rows
D:2:      layout_loops_cross, lemuel_doored_altar, lemuel_crystal_altar
D:3:      minmay_evil_eye, layout_rooms, zin_statuary,
          eat_drink_and_be_merry_uskayaw, uniq_natasha
D:4:      layout_cave_pools, old_standard_altar,
          minmay_temple_entry_antechambers
D:5:      layout_loops_ring, bloody_makhleb, bloody_trog, uniq_edmund
D:6:      layout_cave_pools, fedhas_altar_4

Skill      XL: |  1  2  3  4  5  6  7  8 |
---------------+-------------------------+-----
Dodging        | 3 4 5 |  5.1
Long Blades    | 3 4 5 |  5.1
Stealth        | 1 2 3 4 |  4.4
Fighting       | 3 4 5 |  5.0
Invocations    | 1 2 3 4 5 |  5.4
Throwing       | |  1.7

Action                   |  1- 3 |  4- 6 |  7- 9 || total
-------------------------+-------+-------+-------++-------
Melee: Long sword        |    76 |    95 |   167 ||   338
       Headbutt          |     7 |    21 |    48 ||    76
       Short sword       |       |       |     5 ||     5
       Punch             |       |       |     2 ||     2
Throw: Dart              |       |     3 |     6 ||     9
       Throwing net      |       |     1 |     2 ||     3
Invok: Heroism           |       |       |     2 ||     2
Evoke: Wand              |       |       |     1 ||     1
  Use: Potion            |       |     1 |     2 ||     3
 Stab: Sleeping          |     7 |     9 |     8 ||    24
       Held in net/web   |       |     1 |       ||     1
       Distracted        |       |       |     1 ||     1
Armor: Leather armour    |    11 |     9 |    28 ||    48
Dodge: Dodged            |    53 |    77 |   156 ||   286
       Rpst.: Long sword |    20 |    25 |    49 ||    94

Table legend: (Time is in decaauts)
 A = Elapsed time spent in this place.
 B = Non-inter-level travel time spent in this place.
 C = Inter-level travel time spent in this place.
 D = Time resting spent in this place.
 E = Time spent auto-exploring this place.
 F = Levels seen in this place.
 G = Mean time per level.
                   A        B        C        D        E       F      G
               +--------+--------+--------+--------+--------+-----+--------+
         Total |   6950 |   6798 |    152 |   2637 |   3182 |   6 | 1158.3 |
       Dungeon |   6950 |   6798 |    152 |   2637 |   3182 |   6 | 1158.3 |
               +--------+--------+--------+--------+--------+-----+--------+

Top non-repeatable levels by time:
     D:4: 1493 daAuts
     D:3: 1324 daAuts
     D:5: 1205 daAuts
     D:2: 1152 daAuts
     D:1: 1052 daAuts
     D:6: 720 daAuts
